 Dungeon Crawl Stone Soup version 0.28-b1-25-g9875b3fc8c (webtiles) character file.

Game seed: 5157006745404049194

104 dorian the Covered (level 4, 0/28 HPs)
             Began as a Gargoyle Fighter on Feb 7, 2022.
             Slain by Natasha (7 damage)
             ... on level 2 of the Dungeon.
             The game lasted 00:01:32 (2044 turns).

dorian the Covered (Gargoyle Fighter)               Turns: 2044, Time: 00:01:33

Health: 0/28       AC: 10    Str: 21    XL:     4   Next: 80%
Magic:  4/4        EV:  9    Int:  9    God:
Gold:   32         SH:  4    Dex:  9    Spells: 3/3 levels left

rFire   . . .      SeeInvis .   a - +0 war axe
rCold   . . .      Faith    .   c - +0 buckler
rNeg    + . .      Spirit   .   b - +0 scale mail
rPois   ∞          Reflect  .   (no helmet)
rElec   +          Harm     .   (no cloak)
rCorr   .          Rampage  .   (no gloves)
Will    .....                   (no boots)
Stlth   ..........              (no amulet)
HPRegen 0.09/turn               (no ring)
MPRegen 0.09/turn               (no ring)

@: slowed, very slow
A: sickness immunity, AC +3, negative energy resistance 1, electricity
resistance, torment resistance 1, petrification resistance
a: no special abilities


You were on level 2 of the Dungeon.
You visited 1 branch of the dungeon, and saw 2 of its levels.

You collected 32 gold pieces.

Inventory:

Hand Weapons
 a - a +0 war axe (weapon)
Armour
 b - a +0 scale mail (worn)
 c - a +0 buckler (worn)
Scrolls
 h - a scroll of amnesia {unknown}
 i - 2 scrolls of identify {unknown}
 j - 2 scrolls of fear {unknown}
Potions
 d - a potion of might
 e - a potion of brilliance {unknown}
 f - 3 potions of haste {unknown}
 g - a potion of curing {unknown}
 k - a potion of ambrosia {unknown}


   Skills:
 - Level 3.2 Fighting
 * Level 3.7 Axes
 + Level 4.3 Armour
 - Level 3.2 Shields


You had 3 spell levels left.
You didn't know any spells.
Your spell library contained the following spells:

 Spells                   Type           Power      Damage    Failure   Level
 Blink                    Tloc           0%         N/A       91%         2
 Manifold Assault         Tloc           0%         N/A       100%        5
 Storm Form               Tmut/Air       0%         N/A       100%        7


Dungeon Overview and Level Annotations

Branches:
Dungeon (2/15)

Altars:

Shops:
D:1 [

Annotations:
D:2 Natasha


Innate Abilities, Weirdness & Mutations

You are immune to sickness and miasma.
Your stone body is resilient. (AC +3)
You are immune to poison.
You resist negative energy. (rN+)
You are resistant to electric shocks. (rElec)
You are resistant to unholy torment.
You are immune to petrification.


Message History

Natasha's front paws start to glow.
Natasha barely misses you.
You hit Natasha.
Natasha is heavily wounded.
You hit the shadow imp.
You kill the shadow imp!
The shadow imp disappears in a puff of smoke!
Natasha barely misses you.
You closely miss Natasha.
Natasha is heavily wounded.
Natasha casts a spell at you. You resist with some effort.
You barely miss Natasha.
Natasha is heavily wounded.
Natasha barely misses you. Natasha claws you but does no damage.
You barely miss Natasha.
Natasha is heavily wounded.
Natasha casts a spell.
You barely miss Natasha.
Natasha is heavily wounded.
Natasha claws you but does no damage.
You hit Natasha.
Natasha is severely wounded.
Natasha stares at you and mumbles some strange words.
You feel yourself slow down. Natasha claws you!
You closely miss Natasha.
Natasha is severely wounded.
You barely miss the shadow imp. The shadow imp misses you.
Natasha barely misses you.
The shadow imp hits you but does no damage.
Natasha mewls in sadness.
Natasha stares at you and mumbles some strange words.
The magic dart hits you.
You closely miss Natasha.
Natasha is severely wounded.
You hit the shadow imp but do no damage.
The shadow imp hits you.
* * * LOW HITPOINT WARNING * * *
Natasha claws you!
You die...

##.....#.....##
##.............## ##
#.^.............# #. ###
#...............# #.
....#...............####.
.........................
.....................###.
[...##..............###..
........@5..........###..
#######..h..#########....
#..................
#....########..#.##
####..........##.##
##.##.....###...
#.....##.....##
####..#........
####...........


You could see Natasha and a shadow imp (summoned).

Vanquished Creatures
  Natasha (twice) (D:2)
  3 adders (D:2)
  A worm (D:2)
  A dart slug (D:2)
  A goblin (D:2)
  3 hobgoblins (D:2)
  3 quokkas (D:2)
  6 ball pythons
  2 bats
  A frilled lizard (D:1)
  2 kobolds
  2 rats
27 creatures vanquished.

Notes
Turn   | Place    | Note
-------+----------+-------------------------------------------
     0 | D:1      | dorian the Gargoyle Fighter began the quest for the Orb.
     0 | D:1      | Reached XP level 1. HP: 14/14 MP: 1/1
   867 | D:1      | Reached XP level 2. HP: 4/19 MP: 2/2
  1107 | D:1      | Found Boadeses's Antique Armour Shoppe.
  1436 | D:2      | Reached XP level 3. HP: 19/23 MP: 3/3
  1789 | D:2      | Reached skill level 4 in Armour
  1804 | D:2      | Noticed Natasha
  1815 | D:2      | Killed Natasha
  1816 | D:2      | Reached XP level 4. HP: 15/28 MP: 4/4
  1975 | D:2      | Noticed Natasha
  1981 | D:2      | Killed Natasha
  2028 | D:2      | Noticed Natasha
  2044 | D:2      | Slain by Natasha

Illustrated notes

Levels and vault maps discovered:
D:1:      lightli_arrival_farm, layout_basic, serial_shops, nicolae_shop_crystal
D:2:      layout_rooms, uniq_natasha, uniq_crazy_yiuf_cottage

Skill      XL: |  1  2  3 |
---------------+----------+-----
Axes           | 2 3 |  3.7
Armour         | 4 |  4.3
Fighting       | |  3.2
Shields        | |  3.2

Action                   |  1- 3 |  4- 6 || total
-------------------------+-------+-------++-------
Melee: War axe           |   102 |    16 ||   118
Armor: Scale mail        |    58 |     4 ||    62
Dodge: Dodged            |    65 |     7 ||    72
Block: Buckler           |    23 |     1 ||    24
